 Dungeon Crawl Stone Soup version 0.21.0 (webtiles) character file.

35 Clarigatio the Shooter (level 3, -8/28 HPs)
             Began as a Centaur Arcane Marksman on Apr 4, 2018.
             Mangled by Sigmund
             ... wielding a +0 scythe
              (9 damage)
             ... on level 2 of the Dungeon.
             The game lasted 00:10:09 (627 turns).

Clarigatio the Shooter (Centaur Arcane Marksman)     Turns: 627, Time: 00:10:10

Health: -8/28      AC:  4    Str: 12    XL:     3   Next: 17%
Magic:  4/4        EV: 10    Int: 13    God:
Gold:   7          SH:  0    Dex:  9    Spells: 3/4 levels left

rFire    . . .     SeeInvis .   a - +0 shortbow
rCold    . . .     Gourm    .   (shield currently unavailable)
rNeg     . . .     Faith    .   e - +0 robe
rPois    .         Spirit   .   (no helmet)
rElec    .         Reflect  .   (no cloak)
rCorr    .         Harm     .   (no gloves)
MR       .....                  (no barding)
Stlth    +.........             (no amulet)
HPRegen  0.09/turn              (no ring)
MPRegen  0.09/turn              (no ring)

@: very quick
A: large, hooves 3, deformed body, speed 2, tough skin 3
a: no special abilities


You were on level 2 of the Dungeon.
You were not hungry.

You visited 1 branch of the dungeon, and saw 2 of its levels.

You collected 7 gold pieces.

Inventory:

Hand Weapons
 a - a +0 shortbow (weapon)
 i - a +0 club
Missiles
 d - 5 arrows (quivered)
Armour
 e - a +0 robe (worn)
 l - a +0 pair of boots
 p - a +0 buckler
Jewellery
 b - an uncursed ring of protection from fire {unknown}
 g - a +3 ring of intelligence {unknown}
Scrolls
 h - a scroll of blinking {unknown}
 m - a scroll of fear {unknown}
 n - a scroll of immolation {unknown}
Potions
 j - a potion of flight {unknown}
 o - a potion of agility {unknown}
Books
 c - a book of Debilitation

   Spells                             Type                      Level
   a - Corona                         Hexes                        1
   b - Slow                           Hexes                        2
   c - Inner Flame                    Hexes/Fire                   3
   d - Portal Projectile              Hexes/Translocation          3
   e - Cause Fear                     Hexes                        4
   f - Leda's Liquefaction            Hexes/Earth                  4
Comestibles
 f - 6 rations
 k - a chunk of flesh


   Skills:
 + Level 1.3 Fighting
 + Level 0.9 Maces & Flails
 + Level 3.9 Bows
 + Level 1.5 Dodging
 + Level 1.0 Spellcasting
 + Level 2.8 Hexes


You had 3 spell levels left.
You knew the following spells:

 Your Spells              Type           Power        Failure   Level  Hunger
a - Corona                Hex            #......      9%          1    ##.....


Dungeon Overview and Level Annotations

Branches:
Dungeon (2/15)

Altars:

Annotations:
D:2 Sigmund


Innate Abilities, Weirdness & Mutations

You have hooves in place of feet.
Armour fits poorly on your strangely shaped body.
You cover ground very quickly.
You have extremely tough skin. (AC +3)


Message History

You see here a ration.
A puff of flame appears from out of thin air!
The puff of flame hits you!
You see here an arrow.
Firing (i - inventory):
d - 7 arrows (quivered)
Press: ? - help, Shift-Dir - straight line, f/p - giant cockroach
Aim: a giant cockroach You shoot an arrow.
The arrow hits the giant cockroach.
You kill the giant cockroach!
Firing (i - inventory):
d - 6 arrows (quivered)
Press: ? - help, Shift-Dir - straight line, f - goblin
Aim: a goblin, wielding a club (severely wounded)
You shoot an arrow. The arrow hits the goblin.
You kill the goblin!
A magic dart appears from out of thin air!
The magic dart hits you! Something hits you!
* * * LOW HITPOINT WARNING * * *
Something hits you!
You die...

..>...#### #........#
#....(.#####........#
#.>.....((........###
#######.....#####...###....
#.....#.......)............
..!........(..........#####
................$...#..###
.......%(...........##..>.
......[(.....<(@.........##
........(..<..(.....###...#
.......(....$.###.#.###...#
........................#..
#.....#.....#.....##...##
##.####....##..........#
... ####..#.....###### ##
##...##### ###...#


There were no monsters in sight!

Vanquished Creatures
  An adder (D:2)
  A worm (D:1)
  A leopard gecko (D:1)
  2 giant cockroaches
  5 goblins
  2 hobgoblins (D:1)
  4 bats (D:1)
  2 frilled lizards (D:1)
  A kobold (D:1)
  5 rats
24 creatures vanquished.

Vanquished Creatures (others)
  A bat (D:2)
1 creature vanquished.

Grand Total: 25 creatures vanquished

Notes
Turn   | Place    | Note
-------+----------+-------------------------------------------
     0 | D:1      | Clarigatio the Centaur Arcane Marksman began the quest for the Orb.
     0 | D:1      | Reached XP level 1. HP: 16/16 MP: 2/2
   140 | D:1      | Reached skill level 3 in Bows
   148 | D:1      | Reached XP level 2. HP: 23/23 MP: 1/3
   508 | D:2      | Noticed Sigmund
   508 | D:2      | Reached XP level 3. HP: 26/28 MP: 4/4
   625 | D:2      | HP: 1/28 [something (10)]
   627 | D:2      | Mangled by Sigmund

Skill      XL: |  1 |
---------------+----+-----
Bows           | 3 |  3.9
Fighting       | |  1.3
Maces & Flails | |  0.9
Dodging        | |  1.5
Spellcasting   | |  1.0
Hexes          | |  2.8

Action                   || total
-------------------------++-------
Melee: Club              ||    12
       Kick              ||     2
 Fire: Shortbow          ||    59
 Cast: Corona            ||     5
Armor: Robe              ||     6
Dodge: Dodged            ||    21
